 Dungeon Crawl Stone Soup version 0.22.0-38-g04b72b8 (webtiles) character file.

94 Lew the Shield-Bearer (level 4, -5/41 HPs)
             Began as a Gnoll Fighter on Aug 28, 2018.
             Was an Initiate of Ashenzari.
             Slain by an orc warrior
             ... wielding a +0 hand axe
              (6 damage)
             ... on level 4 of the Dungeon.
             The game lasted 00:04:01 (1409 turns).

Lew the Shield-Bearer (Gnoll Fighter)               Turns: 1409, Time: 00:04:01

Health: -5/41      AC:  7    Str: 23    XL:     4   Next: 63%
Magic:  5/5        EV:  9    Int: 11    God:    Ashenzari [......]
Gold:   161        SH: 12    Dex: 15    Spells: 5/5 levels left

rFire    + . .     SeeInvis .   a - +0 long sword
rCold    + . .     Gourm    .   c - +1 shield (curse)
rNeg     . . .     Faith    .   b - +0 scale mail
rPois    .         Spirit   .   (no helmet)
rElec    .         Reflect  .   e - scarf {rC+ rF+}
rCorr    .         Harm     .   (no gloves)
MR       .....                  (no boots)
Stlth    ..........             (no amulet)
HPRegen  0.13/turn              (no ring)
MPRegen  0.09/turn              (no ring)

@: mighty
A: distributed training, fangs 1, strong nose
a: Curse Item, Renounce Religion


You were on level 4 of the Dungeon.
You worshipped Ashenzari.
Ashenzari was noncommittal.
You were very hungry.

You visited 1 branch of the dungeon, and saw 4 of its levels.

You collected 161 gold pieces.

Inventory:

Hand Weapons
 a - a +0 long sword (weapon)
Armour
 b - a +0 scale mail (worn)
 c - a cursed +1 shield (worn)
 e - a scarf of resistance (worn)
Wands
 i - a wand of polymorph (10)
Scrolls
 g - 3 scrolls of enchant weapon
 l - a scroll of remove curse
 m - a scroll of identify
Potions
 d - a potion of might
 h - 3 potions of cancellation
 k - 2 potions of curing
 n - a potion of invisibility {unknown}
 p - 2 potions of haste
Comestibles
 f - 4 rations


   Skills:
 + Level 6.6 Fighting
 + Level 1.2 Short Blades
 + Level 4.6 Long Blades
 + Level 1.2 Axes
 + Level 1.2 Maces & Flails
 + Level 1.2 Polearms
 + Level 1.2 Staves
 + Level 1.2 Slings
 + Level 1.2 Bows
 + Level 1.2 Crossbows
 + Level 1.2 Throwing
 + Level 6.6 Armour
 + Level 1.2 Dodging
 + Level 1.2 Stealth
 + Level 6.6 Shields
 + Level 1.2 Unarmed Combat
 + Level 1.2 Spellcasting
 + Level 1.0 Conjurations
 + Level 1.0 Hexes
 + Level 1.0 Charms
 + Level 1.0 Summonings
 + Level 1.0 Necromancy
 + Level 1.0 Translocations
 + Level 1.0 Transmutations
 + Level 1.0 Fire Magic
 + Level 1.0 Ice Magic
 + Level 1.0 Air Magic
 + Level 1.0 Earth Magic
 + Level 1.0 Poison Magic
 + Level 1.3 Invocations
 + Level 1.2 Evocations


You had 5 spell levels left.
You didn't know any spells.
Your spell library was empty.

Dungeon Overview and Level Annotations

Branches:
Dungeon (4/15)
 Temple: D:4-7

Altars:
Ashenzari
Xom


Innate Abilities, Weirdness & Mutations

Your experience applies equally to all skills.
You have very sharp teeth.
Your uncanny sense of smell can sniff out nearby items.


Message History

Okay, then.
Okay, then.
You feel very mighty all of a sudden. You block the orc warrior's attack.
You feel much better.
The orc warrior hits you with a hand axe!!
The orc priest calls down the wrath of Beogh upon you.
Beogh smites you!
* * * LOW HITPOINT WARNING * * *
Okay, then.
You slash the orc warrior! Your bite misses the orc warrior.
The orc warrior is moderately wounded.
The orc warrior hits you with a hand axe.
* * * LOW HITPOINT WARNING * * *
The orc priest calls upon Beogh to heal the orc warrior.
The orc warrior is healed somewhat.
You block the orc warrior's attack.
You hit the orc warrior.
The orc warrior is moderately wounded.
The orc warrior hits you with a hand axe.
You die...

#.# #.# #.#
#.# #.# #.#
#.#
.#########.#
...oooo@...#
############


You could see an orc warrior, an orc priest and 2 orcs.

Vanquished Creatures
  An adder (D:2)
  2 oozes
  2 worms
  3 dart slugs
  2 leopard geckos
  An orc (D:3)
  4 bats
  5 giant cockroaches
  7 goblins
  6 hobgoblins
  4 jackals (D:1)
  2 quokkas
  10 frilled lizards
  5 kobolds
  7 rats
61 creatures vanquished.

Notes
Turn   | Place    | Note
-------+----------+-------------------------------------------
     0 | D:1      | Lew the Gnoll Fighter began the quest for the Orb.
     0 | D:1      | Reached XP level 1. HP: 23/23 MP: 1/1
    72 | D:1      | Reached XP level 2. HP: 29/29 MP: 2/2
   348 | D:1      | Found a shattered altar of Ashenzari.
   360 | D:1      | Became a worshipper of Ashenzari the Shackled
   419 | D:1      | Reached XP level 3. HP: 35/35 MP: 3/3
   678 | D:2      | Reached skill level 1 in Invocations
   758 | D:2      | Reached skill level 1 in Short Blades
   758 | D:2      | Reached skill level 1 in Axes
   758 | D:2      | Reached skill level 1 in Maces & Flails
   758 | D:2      | Reached skill level 1 in Polearms
   758 | D:2      | Reached skill level 1 in Staves
   758 | D:2      | Reached skill level 1 in Slings
   758 | D:2      | Reached skill level 1 in Bows
   758 | D:2      | Reached skill level 1 in Crossbows
   758 | D:2      | Reached skill level 1 in Throwing
   758 | D:2      | Reached skill level 1 in Dodging
   758 | D:2      | Reached skill level 1 in Stealth
   758 | D:2      | Reached skill level 1 in Unarmed Combat
   758 | D:2      | Reached skill level 1 in Spellcasting
   758 | D:2      | Reached skill level 1 in Evocations
   856 | D:2      | Reached XP level 4. HP: 31/41 MP: 5/5
  1037 | D:3      | Found a shimmering altar of Xom.
  1206 | D:3      | Reached skill level 1 in Conjurations
  1206 | D:3      | Reached skill level 1 in Hexes
  1206 | D:3      | Reached skill level 1 in Charms
  1206 | D:3      | Reached skill level 1 in Summonings
  1206 | D:3      | Reached skill level 1 in Necromancy
  1206 | D:3      | Reached skill level 1 in Translocations
  1206 | D:3      | Reached skill level 1 in Transmutations
  1206 | D:3      | Reached skill level 1 in Fire Magic
  1206 | D:3      | Reached skill level 1 in Ice Magic
  1206 | D:3      | Reached skill level 1 in Air Magic
  1206 | D:3      | Reached skill level 1 in Earth Magic
  1206 | D:3      | Reached skill level 1 in Poison Magic
  1399 | D:4      | Noticed an orc warrior
  1408 | D:4      | HP: 1/41 [orc warrior/hand axe (6)]
  1409 | D:4      | Slain by an orc warrior

Skill      XL: |  1  2  3  4 |
---------------+-------------+-----
Invocations    | 1 |  1.3
Short Blades   | 1 |  1.2
Axes           | 1 |  1.2
Maces & Flails | 1 |  1.2
Polearms       | 1 |  1.2
Staves         | 1 |  1.2
Slings         | 1 |  1.2
Bows           | 1 |  1.2
Crossbows      | 1 |  1.2
Throwing       | 1 |  1.2
Dodging        | 1 |  1.2
Stealth        | 1 |  1.2
Unarmed Combat | 1 |  1.2
Spellcasting   | 1 |  1.2
Evocations     | 1 |  1.2
Conjurations   | 1 |  1.0
Hexes          | 1 |  1.0
Charms         | 1 |  1.0
Summonings     | 1 |  1.0
Necromancy     | 1 |  1.0
Translocations | 1 |  1.0
Transmutations | 1 |  1.0
Fire Magic     | 1 |  1.0
Ice Magic      | 1 |  1.0
Air Magic      | 1 |  1.0
Earth Magic    | 1 |  1.0
Poison Magic   | 1 |  1.0
Fighting       | |  6.6
Long Blades    | |  4.6
Armour         | |  6.6
Shields        | |  6.6

Action                   |  1- 3 |  4- 6 || total
-------------------------+-------+-------++-------
Melee: Long sword        |   124 |    52 ||   176
       Bite              |    14 |    11 ||    25
Invok: Curse Item        |       |     1 ||     1
  Use: Potion            |     4 |     2 ||     6
       Scroll            |     3 |     3 ||     6
  Eat: Chunk             |       |     1 ||     1
Armor: Scale mail        |    57 |    10 ||    67
Dodge: Dodged            |    53 |    11 ||    64
Block: Shield            |    86 |    19 ||   105
       Rpst.: Long sword |    14 |     3 ||    17
